 Dungeon Crawl Stone Soup version 0.30.0-15-g856e2d3f33 (webtiles) character file.

Game seed: 4813007125638364800

132 qw the Chopper (level 5, -7/32 HPs)
             Began as a Gargoyle Fighter on May 19, 2023.
             Mangled by an orc priest
             ... wielding a +1 heavy flail
              (11 damage)
             ... on level 3 of the Dungeon.
             The game lasted 00:01:07 (2149 turns).

qw the Chopper (Gargoyle Fighter)                   Turns: 2149, Time: 00:01:08

Health: -7/32      AC: 14    Str: 22    XL:     5   Next: 15%
Magic:  5/5        EV:  8    Int:  8    God:
Gold:   78         SH:  4    Dex:  9    Spells: 4/4 levels left

rFire   . . .        Y - +0 war axe
rCold   . . .        c - +0 buckler
rNeg    + . .        n - +0 chain mail
rPois   inf          p - +0 helmet
rElec   +            (no cloak)
rCorr   .            (no gloves)
SInv    .            (no boots)
Will    .....        (no amulet) Stlth
                     (no ring)
HPRegen 0.25/turn    (no ring)
MPRegen 0.09/turn

%: no passive effects
@: no status effects
A: sickness immunity, AC +4, negative energy resistance 1, electricity
resistance, torment resistance 1, petrification resistance
a: no special abilities


You were on level 3 of the Dungeon.
You visited 1 branch of the dungeon, and saw 3 of its levels.

You collected 78 gold pieces.


Innate Abilities, Weirdness & Mutations

You are immune to sickness and miasma.
Your stone body is resilient. (AC +4)
You are immune to poison.
You resist negative energy. (rN+)
You are resistant to electric shocks. (rElec)
You are resistant to unholy torment.
You are immune to petrification.


   Skills:
 - Level 3.2 Fighting
 + Level 4.7 Axes
 - Level 3.2 Armour
 - Level 3.2 Shields


You had 4 spell levels left.
You didn't know any spells.
Your spell library was empty.

Inventory:

Hand Weapons
 a - a +0 mace
 Y - a +0 war axe (weapon)
Missiles
 m - 3 boomerangs (quivered)
Armour
 c - a +0 buckler (worn)
 n - a +0 chain mail (worn)
 p - a +0 helmet (worn)
Potions
 d - 2 potions of might
 e - a potion of cancellation
 f - a potion of resistance {unknown}
 g - a potion of heal wounds {unknown}
 h - a potion of haste
 i - 3 potions of curing
 j - 2 potions of brilliance {unknown}
 o - a potion of lignification

Dungeon Overview and Level Annotations

Branches:
Dungeon (3/15)

Altars:
Ashenzari
Makhleb


Message History

The orc priest invokes the aid of Beogh against you.
Beogh smites you!
The orc throws a boomerang.
The boomerang closely misses you.
Things that are here:
a +0 club; an orc corpse You barely miss the orc priest.
You hit the orc. The orc hits you with a +0 club.
You hit the orc.
The orc is severely wounded.
You closely miss the orc priest. You closely miss the orc.
The orc priest hits you but does no damage.
The orc barely misses you. The orc hits you with a +0 club.
You barely miss the orc.
The orc is severely wounded.
You closely miss the orc. You slash the orc priest! x2
The orc priest hits you with a +1 heavy flail.
The orc hits you but does no damage. You block the orc priest's attack.
The orc barely misses you.
You hit the orc priest.
The orc priest is almost dead.
You barely miss the orc priest. You hit the orc.
You kill the orc!
You slash the orc!
You kill the orc!
The orc priest hits you but does no damage. x2
You closely miss the orc priest.
The orc priest is almost dead.
You barely miss the orc priest. You block the orc priest's attack.
The orc priest closely misses you.
The orc priest hits you but does no damage.
You closely miss the orc priest.
The orc priest is almost dead.
You barely miss the orc priest.
The orc priest mumbles some strange prayers to Beogh against you.
Beogh smites you!
The orc priest hits you with a +1 heavy flail.
You hit the orc priest.
You kill the orc priest!
You hit the orc priest.
The orc priest hits you with a +1 heavy flail!
You die...

###########
..........#
.....!....#
..........# ##
#.........##?.#
.............
#.))o...... ###@).# .
#..%#.....# #.
##.##....###
#.8####.........#
#.}8....###..##..#
#....8..## .## ..
...#######..##.#### .
........[.......... .
!.......##..######..#


You could see an orc priest.

Vanquished Creatures
  An orc priest (D:3)
  Jessica (D:2)
  Robin (D:2)
  3 dart slugs
  2 worms
  4 orcs
  6 endoplasms
  5 giant cockroaches
  11 goblins
  11 hobgoblins
  4 jackals (D:1)
  3 quokkas
  7 ball pythons
  A bat (D:2)
  2 frilled lizards
  8 kobolds
  A rat (D:1)
71 creatures vanquished.

Notes
Turn   | Place    | Note
-------+----------+-------------------------------------------
     0 | D:1      | qw the Gargoyle Fighter began the quest for the Orb.
     0 | D:1      | Reached XP level 1. HP: 14/14 MP: 1/1
     0 | D:1      | 0 ||| qw: Version: 0.2-a-96-g8eb1148
     0 | D:1      | 0 ||| qw: Game counter: 17
     0 | D:1      | 0 ||| qw: Always use a shield: true
     0 | D:1      | 0 ||| qw: God list: Okawaru
     0 | D:1      | 0 ||| qw: Allow faded altars: false
     0 | D:1      | 0 ||| qw: Do Orc after D:15 true
     0 | D:1      | 0 ||| qw: Do second Lair branch before Depths: true
     0 | D:1      | 0 ||| qw: Lair rune preference: random
     0 | D:1      | 0 ||| qw: Plans: Normal, Zot:1-4, God:TSO, Crypt, Tomb,
                  | Pan, Slime:5, Hells, Abyss, Win
     0 | D:1      | 0 ||| PLANNING D:1-11
    39 | D:1      | Reached skill level 2 in Axes
   106 | D:1      | 106 ||| Stepping ~*~*~tactically~*~*~ (stealth).
   108 | D:1      | 108 ||| Stepping ~*~*~tactically~*~*~ (stealth).
   117 | D:1      | Reached XP level 2. HP: 18/19 MP: 2/2
   303 | D:1      | 303 ||| Stepping ~*~*~tactically~*~*~ (hiding).
   304 | D:1      | 304 ||| Stepping ~*~*~tactically~*~*~ (hiding).
   438 | D:1      | 438 ||| READING scroll labelled BUMIYR JUFREX.
   445 | D:1      | Reached skill level 3 in Axes
   510 | D:1      | Reached XP level 3. HP: 23/23 MP: 3/3
   602 | D:1      | 602 ||| Stepping ~*~*~tactically~*~*~ (stealth).
   935 | D:1      | 935 ||| READING scroll labelled ESEM VARHOMERO.
   936 | D:1      | 936 ||| DRINKING 2 smoky coppery potions.
   937 | D:1      | 937 ||| DROPPING potion of invisibility.
  1001 | D:2      | 1001 ||| Stepping ~*~*~tactically~*~*~ (stealth).
  1231 | D:2      | 1231 ||| Stepping ~*~*~tactically~*~*~ (stealth).
  1283 | D:2      | Found a burning altar of Makhleb.
  1298 | D:2      | Reached XP level 4. HP: 28/28 MP: 4/4
  1299 | D:2      | Noticed Robin
  1309 | D:2      | Killed Robin
  1310 | D:2      | Reached skill level 4 in Axes
  1399 | D:2      | 1399 ||| Stepping ~*~*~tactically~*~*~ (hiding).
  1401 | D:2      | 1401 ||| Stepping ~*~*~tactically~*~*~ (hiding).
  1420 | D:2      | 1420 ||| Stepping ~*~*~tactically~*~*~ (stealth).
  1708 | D:2      | Noticed Jessica
  1710 | D:2      | Killed Jessica
  1711 | D:2      | Reached XP level 5. HP: 32/32 MP: 5/5
  1821 | D:2      | 1821 ||| Stepping ~*~*~tactically~*~*~ (hiding).
  1966 | D:2      | 1966 ||| UPGRADING to +0 chain mail.
  1976 | D:2      | 1976 ||| DROPPING +0 scale mail.
  1977 | D:2      | 1977 ||| UPGRADING to +0 helmet.
  1982 | D:2      | 1982 ||| READING scroll labelled VODGHO CUHIUG.
  1986 | D:2      | 1986 ||| DRINKING 2 golden potions.
  1987 | D:2      | 1987 ||| DRINKING 4 puce potions.
  1988 | D:2      | 1988 ||| DRINKING 2 fizzy dark potions.
  1989 | D:2      | 1989 ||| DRINKING 2 viscous emerald potions.
  2026 | D:2      | 2026 ||| DROPPING potion of flight.
  2081 | D:3      | Found a broken altar of Ashenzari.
  2138 | D:3      | 2138 ||| Stepping ~*~*~tactically~*~*~ (hiding).
  2148 | D:3      | HP: 4/32 [orc priest/divine providence (10)]
  2149 | D:3      | Mangled by an orc priest

Levels and vault maps discovered:
D:1:      minmay_arrival_glassed_features, layout_loops_ring
D:2:      layout_loops_cross, basic_altar, minmay_misc_feat_ornament,
          minmay_pentomino_v4, uniq_robin, uniq_jessica
D:3:      layout_rooms, evilmike_ruin_ashenzari, chequers_decorated_corner

Skill      XL: |  1  2  3  4 |
---------------+-------------+-----
Axes           | 2 3 4 |  4.7
Fighting       | |  3.2
Armour         | |  3.2
Shields        | |  3.2

Action                     |  1- 3 |  4- 6 || total
---------------------------+-------+-------++-------
  Melee: War axe           |   101 |    44 ||   145
  Throw: Boomerang         |     8 |    16 ||    24
    Use: Scroll            |     2 |     1 ||     3
         Potion            |     1 |     4 ||     5
 Armour: Scale mail        |    40 |    14 ||    54
         Chain mail        |       |     8 ||     8
  Dodge: Dodged            |    44 |    16 ||    60
  Block: Buckler           |    13 |     3 ||    16

Table legend:
 A = Non-vault XP
 B = Vault XP
 C = Vault XP percentage of total XP
 D = Non-vault monster count
 E = Vault monster count
 F = Vault count percentage of total count
                 A         B        C        D         E       F
            +---------+---------+-------+---------+---------+-------
      Total |     153 |      77 |  33.5 |      56 |      15 |  21.1
            +---------+---------+-------+---------+---------+-------
        D:1 |      50 |       0 |   0.0 |      26 |       0 |   0.0
        D:2 |      42 |      77 |  64.7 |      21 |      15 |  41.7
        D:3 |      61 |       0 |   0.0 |       9 |       0 |   0.0
            +---------+---------+-------+---------+---------+-------
